 Dungeon Crawl Stone Soup version 0.14-a0-1585-g835621a (webtiles) character file.

138 ReteAZ the Grave Robber (level 4, -5/36 HPs)
             Began as a Deep Dwarf Necromancer on Dec 22, 2013.
             Slain by an ogre
             ... wielding a +0,+0 giant club
              (24 damage)
             ... on Level 2 of the Dungeon.
             The game lasted 00:09:02 (1425 turns).

ReteAZ the Grave Robber (Deep Dwarf Necromancer)    Turns: 1425, Time: 00:09:02

HP  -5/36        AC  4     Str 12      XL: 4   Next: 12%
MP   1/6         EV 12     Int 16      God:
Gold 62          SH  0     Dex 13      Spells:  2 memorised,  3 levels left

rFire  . . .     SeeInvis .     i - +0 short sword
rCold  . . .     Clarity  .     a - +0 robe
rNeg   . . .     Conserve .     (no shield)
rPois  +         rCorr    .     (no helmet)
rElec  .         rRot     .     t - +1 cloak
SustAb . .       Spirit   .     (no gloves)
rMut   .         Warding  .     (no boots)
Saprov . . .     Stasis   .     (no amulet)
                                (no ring)
                                e - ring of poison resistance

@: non-regenerating, slightly resistant to hostile enchantments, fairly stealthy
A: damage resistance, recharge devices, sense surroundings 1, slow healing 3
a: Device Recharging


You were on level 2 of the Dungeon.
You were not hungry.

You visited 1 branch of the dungeon, and saw 3 of its levels.

You collected 62 gold pieces.

Inventory:

Hand weapons
 i - a +0,+0 short sword (weapon)
Missiles
 k - 4 darts (quivered)
Armour
 a - a +0 robe (worn)
 t - a +1 cloak (worn)
Magical devices
 c - a wand of heal wounds (5)
 l - a wand of heal wounds (0)
Comestibles
 d - 2 bread rations
 f - a pear
 q - a rotting chunk of giant gecko flesh
 r - a chunk of adder flesh
 s - a chunk of bat flesh
 u - a chunk of adder flesh
Scrolls
 h - a scroll of identify {unknown}
 m - a scroll of teleportation {unknown}
Jewellery
 e - a ring of poison resistance (left hand)
Potions
 g - a potion of cure mutation {unknown}
 j - 2 potions of heal wounds {unknown}
 o - a potion of curing {unknown}
Books
 b - a book of Necromancy

   Spells                             Type                      Level
   *Pain                              Necromancy                   1
   Animate Skeleton                   Necromancy                   1
   *Lethal Infusion                   Charms/Necromancy            2
   Vampiric Draining                  Necromancy                   3
   Regeneration                       Charms/Necromancy            3
   Animate Dead                       Necromancy                   4
   Control Undead                     Necromancy                   4


   Skills:
 + Level 0.3 Short Blades
 + Level 0.3 Throwing
 - Level 2.1 Dodging
 - Level 2.4 Stealth
 - Level 1.7 Spellcasting
 + Level 0.1 Charms
 + Level 6.0 Necromancy


You had 3 spell levels left.
You knew the following spells:

 Your Spells              Type           Power        Failure   Level  Hunger
a - Pain                  Necr           ###.         1%          1    ##.....
b - Lethal Infusion       Chrm/Necr      ##........   10%         2    ###....


Dungeon Overview and Level Annotations

Branches:
Dungeon (3/16)

Altars:


Innate Abilities, Weirdness & Mutations

You are resistant to damage.
You can recharge devices by infusing magical energy.
You passively map a small area around you.
You do not heal naturally.


Message History

Confirm with . or Enter, or press ? or * to list all spells.
Aiming: Pain
Press: ? - help, Shift-Dir - straight line, f/p - ogre
Aim: an ogre, wielding a giant club (moderately wounded)
The ogre convulses in agony!
The ogre hits you with a giant club!
Casting: Pain
Confirm with . or Enter, or press ? or * to list all spells.
Aiming: Pain
Press: ? - help, Shift-Dir - straight line, f/p - ogre
Aim: an ogre, wielding a giant club (heavily wounded)
The ogre strains under the huge effort it takes to resist.
The ogre closely misses you.
You hit the ogre.
The ogre is heavily wounded.
The ogre barely misses you.
You hit the ogre.
The ogre is heavily wounded.
The ogre hits you with a giant club!
Ouch! That really hurt!
You die...

###, ,#.. #.### #...# #.#.#.#
#.#.#.# ######## #.#<#.#####
#.......
#######.#.#.....##########.......
..>.............@O.......'......>
#####.#.###.###)##########.......
#.#.# #.# #.# #....... #.#.#
#.###.# ########
#####'#'###.....# #
#.........####### #
#.........#########
#.........+.......#####
#.........##.....#....# *


You could see an ogre.

Vanquished Creatures
  4 adders
  A giant gecko (D:2)
  An orc (D:3)
  2 bats
  2 giant cockroaches
  8 hobgoblins
  2 ball pythons (D:1)
  2 giant newts
  4 goblins
  5 kobolds (D:1)
  6 rats
37 creatures vanquished.

Notes
Turn   | Place    | Note
--------------------------------------------------------------
     0 | D:1      | ReteAZ, the Deep Dwarf Necromancer, began the quest for the Orb.
     0 | D:1      | Reached XP level 1. HP: 15/15 MP: 2/2
   249 | D:1      | Reached XP level 2. HP: 10/22 MP: 0/3
   402 | D:1      | Learned a level 2 spell: Lethal Infusion
   460 | D:1      | Reached skill level 5 in Necromancy
  1064 | D:2      | Reached XP level 3. HP: 10/28 MP: 0/5
  1302 | D:3      | Reached skill level 6 in Necromancy
  1302 | D:3      | Reached XP level 4. HP: 30/36 MP: 0/6
  1391 | D:3      | Noticed an ogre
  1425 | D:2      | Slain by an ogre

Action                   |  1- 3 |  4- 6 || total
-------------------------+-------+-------++-------
Melee: Unarmed           |     5 |       ||     5
       Short sword       |    43 |     8 ||    51
Throw: Dart              |     3 |       ||     3
 Cast: Pain              |    49 |     8 ||    57
       Lethal Infusion   |     1 |       ||     1
Evoke: Wand              |     1 |       ||     1
